 Dungeon Sprint DCSS version 0.23.2-1-ga50397a6bc (webtiles) character file.

Game seed: 4094750646636025984

944 Morrissey the Spear-Bearer (level 8, -4/70 HPs)
             Began as a Merfolk Skald on May 12, 2019.
             Was a Believer of Makhleb.
             Slain by a seven-headed hydra (13 damage)
             ... in the Dungeon (Sprint IX: "|||||||||||||||||||||||||||||").
             The game lasted 00:03:04 (319 turns).

Morrissey the Spear-Bearer (Merfolk Skald)           Turns: 319, Time: 00:03:05

Health: -4/70      AC:  5    Str: 12    XL:     8   Next: 12%
Magic:  8/13       EV: 19    Int: 15    God:    Makhleb [**....]
Gold:   0          SH:  0    Dex: 18    Spells: 10/14 levels left

rFire    . . .     SeeInvis .   a - +2 halberd (venom)
rCold    . . .     Gourm    .   (shield currently unavailable)
rNeg     . . .     Faith    .   b - +0 leather armour
rPois    .         Spirit   .   (no helmet)
rElec    .         Reflect  .   o - +0 cloak
rCorr    .         Harm     .   p - +0 pair of gloves
MR       .....     NoTele   +   (no boots)
Stlth    +.........             (no amulet)
HPRegen  0.21/turn              q - +3 ring of intelligence
MPRegen  0.13/turn              r - +3 ring of dexterity

@: no status effects
A: change form in water, swift swim, stealthy swim
a: Minor Destruction, Renounce Religion


You were in the Dungeon.
You worshipped Makhleb.
Makhleb was pleased with you.
You were not hungry.

You visited 1 branch

Inventory:

Hand Weapons
 a - a +2 halberd of venom (weapon)
 n - a +0 spear
Armour
 b - a +0 leather armour (worn)
 o - a +0 cloak (worn)
 p - a +0 pair of gloves (worn)
Jewellery
 q - a +3 ring of intelligence (left hand)
 r - a +3 ring of dexterity (right hand)
Wands
 m - a wand of acid (10)
Scrolls
 j - 2 scrolls of blinking
 k - 3 scrolls of remove curse
 l - 2 scrolls of amnesia
Potions
 e - a potion of invisibility
 f - 2 potions of heal wounds
 g - a potion of haste
 h - 4 potions of magic
 i - 4 potions of curing
Comestibles
 c - 11 chunks of flesh
 d - a ration


   Skills:
 + Level 8.9 Fighting
 + Level 11.4 Polearms
 - Level 0.6 Armour
 + Level 10.5 Dodging
 - Level 3.5 Spellcasting
 - Level 6.2 Hexes
 - Level 6.8 Charms
 + Level 6.0 Invocations


You had 10 spell levels left.
You knew the following spells:

 Your Spells              Type           Power        Failure   Level  Hunger
a - Infusion              Chrm           ###.         1%          1    None
b - Spectral Weapon       Hex/Chrm       ###.....     4%          3    ###....

Your spell library contained the following spells:

 Spells                   Type           Power        Failure   Level  Hunger
 Song of Slaying          Chrm           ###.....     2%          2    ##.....
 Shroud of Golubria       Chrm/Tloc      ##........   9%          2    ##.....
 Regeneration             Chrm/Necr      ##........   19%         3    ###....


Dungeon Overview and Level Annotations

Branches:
Dungeon (1/1)

Altars:
Cheibriados
Dithmenos
Elyvilon
Fedhas
Gozag
Hepliaklqana
Kikubaaqudgha
Makhleb
Nemelex Xobeh
Okawaru
Qazlal
Ru
Sif Muna
Trog
Uskayaw
Vehumet
Wu Jian
Xom
Yredelemnul
Zin
The Shining One
Beogh
Jiyva
Lugonu


Message History

Your spectral weapon chops one of the four-headed hydra's heads off!
The three-headed hydra grows two more!
The five-headed hydra is poisoned.
The five-headed hydra bites you! The five-headed hydra misses you.
The five-headed hydra bites you but does no damage.
The five-headed hydra bites you. The five-headed hydra bites you!
* * * LOW HITPOINT WARNING * * *
You slice one of the five-headed hydra's heads off!
The four-headed hydra grows two more!
You hit the six-headed hydra.
The six-headed hydra is lightly wounded.
Your spectral weapon hits the six-headed hydra from afar!
Your spectral weapon slices one of the six-headed hydra's heads off!
The five-headed hydra grows two more!
The seven-headed hydra looks as sick as possible!
The seven-headed hydra misses you. The seven-headed hydra bites you!
* * * LOW HITPOINT WARNING * * *
The seven-headed hydra misses you. The seven-headed hydra bites you!
* * * LOW HITPOINT WARNING * * *
The seven-headed hydra closely misses you.
The seven-headed hydra bites you!
You die... ▓▓▓▓▓▓▓▓▓▓▓▓▓▓▓▓▓▓▓▓▓▓▓▓ ..yhZ5D@(...)'..[..)|..' ▓▓▓▓▓▓▓▓▓▓▓▓▓▓▓▓▓▓▓▓▓▓▓▓

You could see a seven-headed hydra, a hound, a killer bee, a shadow imp, a bat skeleton and a friendly spectral +2 halberd of venom.

Vanquished Creatures
  A two-headed ogre (D)
  An ice beast (D)
  An ogre (D)
  A bullfrog (D)
  2 worker ants (D)
  An adder (D)
  An adder zombie (D)
  A dart slug (D)
  2 orcs (D)
  A bat (D)
  A bat zombie (D)
  A hobgoblin (D)
  A jackal (D)
  A frilled lizard (D)
  A giant cockroach zombie (D)
17 creatures vanquished.

Notes
Turn   | Place    | Note
-------+----------+-------------------------------------------
     0 | D        | Morrissey the Merfolk Skald began the quest for the Orb.
     0 | D        | Reached XP level 1. HP: 16/16 MP: 3/3
    13 | D        | Reached XP level 2. HP: 21/23 MP: 0/5
    78 | D        | Reached skill level 4 in Polearms
   101 | D        | Reached XP level 3. HP: 30/30 MP: 0/7
   105 | D        | Reached skill level 5 in Polearms
   105 | D        | Reached skill level 5 in Dodging
   107 | D        | Reached XP level 4. HP: 37/37 MP: 0/9
   196 | D        | Learned a level 3 spell: Spectral Weapon
   197 | D        | Found a roughly hewn altar of Beogh.
   197 | D        | Found a snail-covered altar of Cheibriados.
   197 | D        | Found a shadowy altar of Dithmenos.
   197 | D        | Found a white marble altar of Elyvilon.
   197 | D        | Found a blossoming altar of Fedhas.
   197 | D        | Found an opulent altar of Gozag.
   198 | D        | Found a hazy altar of Hepliaklqana.
   199 | D        | Found a viscous altar of Jiyva.
   200 | D        | Found an ancient bone altar of Kikubaaqudgha.
   201 | D        | Found a corrupted altar of Lugonu.
   202 | D        | Found a burning altar of Makhleb.
   203 | D        | Found a sparkling altar of Nemelex Xobeh.
   204 | D        | Found an iron altar of Okawaru.
   205 | D        | Found a stormy altar of Qazlal.
   206 | D        | Found a sacrificial altar of Ru.
   207 | D        | Found a deep blue altar of Sif Muna.
   208 | D        | Found a bloodstained altar of Trog.
   209 | D        | Found a hide-covered altar of Uskayaw.
   210 | D        | Became a worshipper of Makhleb the Destroyer
   211 | D        | Found a radiant altar of Vehumet.
   212 | D        | Found an ornate altar of the Wu Jian Council.
   213 | D        | Found a shimmering altar of Xom.
   214 | D        | Found a basalt altar of Yredelemnul.
   215 | D        | Found a glowing silver altar of Zin.
   216 | D        | Found a glowing golden altar of the Shining One.
   262 | D        | Noticed an ogre
   262 | D        | Noticed a bullfrog
   262 | D        | Noticed an ice beast
   270 | D        | Killed an ice beast
   270 | D        | Reached * piety under Makhleb
   270 | D        | Reached skill level 5 in Fighting
   270 | D        | Reached skill level 6 in Polearms
   270 | D        | Reached skill level 5 in Charms
   270 | D        | Reached XP level 5. HP: 27/44 MP: 6/10
   272 | D        | Reached skill level 7 in Polearms
   272 | D        | Reached skill level 5 in Hexes
   275 | D        | Reached XP level 6. HP: 40/52 MP: 7/11
   277 | D        | Reached ** piety under Makhleb
   277 | D        | Reached skill level 8 in Polearms
   312 | D        | Noticed a four-headed hydra
   312 | D        | Noticed a two-headed ogre
   317 | D        | Killed a two-headed ogre
   317 | D        | Reached skill level 11 in Polearms
   317 | D        | Reached skill level 10 in Dodging
   317 | D        | Reached XP level 7. HP: 53/63 MP: 8/12
   317 | D        | Reached XP level 8. HP: 59/70 MP: 8/13
   319 | D        | Slain by a seven-headed hydra

Skill      XL: |  1  2  3  4  5  6 |
---------------+-------------------+-----
Dodging        | 3 4 5 6 7 10 | 10.5
Fighting       | 3 4 5 8 |  8.9
Polearms       | 4 5 6 7 11 | 11.4
Spellcasting   | 3 |  3.5
Charms         | 4 5 6 |  6.8
Hexes          | 4 5 6 |  6.2
Invocations    | 6 |  6.0
Armour         | |  0.6

Action                   |  1- 3 |  4- 6 |  7- 9 || total
-------------------------+-------+-------+-------++-------
Melee: Spear             |    41 |       |       ||    41
       Halberd           |       |    16 |     2 ||    18
 Cast: Infusion          |     2 |       |       ||     2
       Spectral Weapon   |       |     2 |       ||     2
  Use: Potion            |     3 |       |       ||     3
Armor: Leather armour    |     4 |     1 |     1 ||     6
Dodge: Dodged            |    25 |    10 |     4 ||    39
